 Dungeon Crawl Stone Soup version 0.30.0-18-gc0e69614cb (webtiles) character file.

Game seed: 7564252246059483172

4452 cheesebisquit the Trooper (level 10, 96/96 (98) HPs)
             Began as a Troll Warper on May 25, 2023.
             Was a Priest of Cheibriados.
             Quit the game on level 8 of the Dungeon.
             The game lasted 00:40:30 (7054 turns).

cheesebisquit the Trooper (Troll Warper)            Turns: 7054, Time: 00:40:30

HP:   96/96 (98)    AC:  8    Str: 28    XL:     10   Next: 15%
MP:   12/12         EV: 15    Int: 20    God:    Cheibriados [***...]
Gold: 171           SH:  9    Dex: 16    Spells: 4/13 levels left

rFire   . .          .
                       - Unarmed
rCold   . . .        f - +0 kite shield
rNeg    . . .        a - +1 troll leather armour {Pargi}
rPois   .            (helmet restricted)
rElec   .            M - +0 cloak
rCorr   .            (gloves unavailable)
SInv    .            (boots unavailable)
Will    .....        (no amulet)
Stlth   ++           e - +5 ring of evasion
HPRegen 1.96/turn    (no ring)
MPRegen 0.13/turn

%: no passive effects
@: lightly drained, very slow
A: large, unfitting armour, claws 3, regeneration 1, shaggy fur 1, tough skin 1
a: Renounce Religion, Bend Time, Temporal Distortion


You were on level 8 of the Dungeon.
You worshipped Cheibriados.
Cheibriados was most pleased with you.
You visited 2 branches of the dungeon, and saw 9 of its levels.
You also visited: Sewer.

You collected 292 gold pieces.
You spent 121 gold pieces at shops.

Inventory:

Hand Weapons
 r - a +2 flail of protection
 F - the +1 dagger of Risk Management {flame, rF+ Will+}
   (You found it on level 6 of the Dungeon)

   rF:        It protects you from fire.
   Will:      It increases your willpower.
 L - a +3 morningstar
 P - a +2 vampiric whip
Missiles
 c - 5 boomerangs of dispersal
 x - a throwing net
 B - 20 poisoned darts (quivered)
 H - 2 boomerangs
Armour
 a - a +1 troll leather armour (worn) {Pargi}
 f - a +0 kite shield (worn)
 s - a +2 robe of cold resistance
 E - a scarf of resistance
 M - a +0 cloak (worn)
Jewellery
 e - a +5 ring of evasion (left claw)
 w - a ring of poison resistance
Wands
 t - a wand of mindburst (5)
 I - a wand of polymorph (20)
 N - a wand of flame (5)
Scrolls
 b - 2 scrolls of blinking
 h - a scroll of vulnerability {unknown}
 j - a scroll of magic mapping {unknown}
 k - a scroll of fog
 l - 5 scrolls of teleportation
 n - a scroll of amnesia {unknown}
 o - a scroll of poison {unknown}
 p - 3 scrolls of torment
 q - a scroll of brand weapon
 y - 3 scrolls of immolation {unknown}
 D - a scroll of fear {unknown}
 G - a scroll of enchant weapon {unknown}
 O - a scroll of identify
Potions
 d - 8 potions of heal wounds
 g - a potion of ambrosia
 i - 2 potions of flight
 m - 2 potions of magic
 u - 2 potions of invisibility
 v - 4 potions of mutation
 z - a potion of brilliance
 A - 3 potions of curing
 C - a potion of might {unknown}
 J - a potion of berserk rage
 K - a potion of haste {unknown}


   Skills:
 - Level 6.0 Fighting
 - Level 4.0 Throwing
 - Level 4.0 Armour
 - Level 4.0 Dodging
 - Level 2.0 Stealth
 - Level 4.0 Shields
 + Level 5.7 Unarmed Combat
 - Level 2.0 Spellcasting
 - Level 2.0 Conjurations
 - Level 2.1 Translocations
 - Level 4.1 Invocations
 - Level 2.0 Evocations


You had 4 spell levels left.
You knew the following spells:

 Your Spells              Type           Power      Damage    Failure   Level
a - Blink                 Tloc           20%        N/A       21%         2
b - Lesser Beckoning      Tloc           20%        N/A       21%         2
c - Teleport Other        Tloc           10%        N/A       38%         3
d - Momentum Strike       Conj/Tloc      20%        3d8       22%         2

Your spell library contained the following spells:

 Spells                   Type           Power      Damage    Failure   Level
 Sandblast                Erth           4%         2d4       32%         1
 Slow                     Hex            8%         N/A       32%         1
 Gell's Gravitas          Tloc           10%        N/A       38%         3
 Passwall                 Tmut/Erth      1%         N/A       45%         2
 Portal Projectile        Hex/Tloc       12%        N/A       54%         3
 Stone Arrow              Conj/Erth      12%        3d7       54%         3
 Vhi's Electric Charge    Tloc/Air       12%        N/A       54%         3
 Call Canine Familiar     Summ           2%         N/A       69%         3
 Confusing Touch          Hex            2%         N/A       69%         3
 Vampiric Draining        Necr           2%         2d6       69%         3
 Manifold Assault         Tloc           10%        N/A       80%         4
 Leda's Liquefaction      Hex/Erth       1%         N/A       97%         4
 Dispersal                Tloc           5%         N/A       100%        6


Dungeon Overview and Level Annotations

Branches:
Dungeon (8/15)             Temple (1/1) D:4            Lair (0/5) D:8
  Sewer (visited)

Altars:
Ashenzari
Cheibriados
Dithmenos
Elyvilon
Fedhas
Gozag
Hepliaklqana
Kikubaaqudgha
Makhleb
Nemelex Xobeh
Okawaru
Qazlal
Ru
Sif Muna
Trog
Uskayaw
Vehumet
Wu Jian
Xom
Yredelemnul
Zin
The Shining One

Shops:
D:6 *


Innate Abilities, Weirdness & Mutations

You are too large for most types of armour.
You have claws for hands.
Your natural rate of healing is unusually fast.
You are covered in fur. (AC +1)
You have tough skin. (AC +1)


Message History

The wight is severely damaged.
You block the wight's attack.
You scratch the wight.
The wight is almost destroyed.
The wight barely misses you.
You scratch the wight.
You destroy the wight!
Cheibriados appreciates the change of pace.
Items here: )) [[.
Okay, then.
HP restored.
Items here: )) [[.
You see here a +2 hand axe of flaming.
A bullfrog comes into view.
The helpless bullfrog fails to defend itself.
You claw the bullfrog!
The bullfrog is moderately wounded.
The bullfrog hits you.
You scratch the bullfrog.
The bullfrog is moderately wounded.
The bullfrog closely misses you. The bullfrog misses you.
You mangle the bullfrog!!
You kill the bullfrog!
Cheibriados thoroughly appreciates the change of pace.
You see here a bullfrog corpse.
Found a blossoming altar of Fedhas.
Found a stormy altar of Qazlal.
Found 4 stones.
There is a shaft here.
You see here 4 stones.
You see here 4 stones.
There is a shaft here.
There is a stormy altar of Qazlal here.
You open the door.
There is an open door here.
Done exploring.
Done exploring.
There is an open door here.
There is a stone staircase leading down here.
Are you sure you want to abandon this character and quit the game? (Confirm with "yes".)

#.#.........#.#.#.....
#.#.#.....#.#.#.#.....
#.#.#.....#.#.#.##'###
#......>..............
#.#.......#.#.#.##.###
######.####....#.#.#.##.#
#..................#.##.###
############..##.###.##....
#@................
#.#####........... #.#
#.#.######.. ####.#
#.#..#.###.. #....#
#........##.
#....#####......#..##
#....+.......#......#
#....#####..#...#....
#....# ###...........


There were no monsters in sight!

Vanquished Creatures
  A deep elf pyromancer (D:6)
  An elephant (D:8)
  A wyvern (D:8)
  A yak (D:8)
  2 basilisks (D:8)
  A steam dragon (D:7)
  Edmund (D:5)
  A water moccasin (D:5)
  A black bear (D:6)
  An orc warrior (D:6)
  3 ice beasts
  A sky beast (D:8)
  Pargi (Sewer)
  2 centaurs
  A phantom (D:5)
  2 kobold brigands
  A gnoll sergeant (D:4)
  6 scorpions
  2 bullfrogs
  10 wights
  2 howler monkeys (D:7)
  A jelly (D:6)
  2 orc priests (D:5)
  A gnoll bouda (D:7)
  2 hounds
  2 iguanas (D:5)
  2 sleepcaps
  4 orc wizards
  7 gnolls
  10 adders
  A shadow imp (D:7)
  3 white imps
  2 dart slugs
  A worm (D:2)
  15 orcs
  6 bats
  7 endoplasms
  6 giant cockroaches
  7 goblins
  5 hobgoblins
  6 jackals
  16 kobolds
  3 quokkas
  5 ball pythons
  3 frilled lizards (D:1)
  5 rats
164 creatures vanquished.

Notes
Turn   | Place    | Note
-------+----------+-------------------------------------------
     0 | D:1      | cheesebisquit the Troll Warper began the quest for the Orb.
     0 | D:1      | Reached XP level 1. HP: 19/19 MP: 1/1
    29 | D:1      | Reached skill level 1 in Throwing
    71 | D:1      | Reached XP level 2. HP: 23/27 MP: 2/2
   280 | D:1      | Reached skill level 2 in Fighting
   311 | D:1      | Found a faded altar of an unknown god.
   587 | D:2      | Reached XP level 3. HP: 35/35 MP: 3/3
   797 | D:2      | Reached skill level 1 in Stealth
   863 | D:2      | Reached XP level 4. HP: 42/42 MP: 4/4
  1278 | D:3      | Found a glowing drain.
  1302 | Sewer    | Entered a sewer
  1442 | Sewer    | Noticed Pargi
  1457 | Sewer    | Killed Pargi
  1458 | Sewer    | Reached XP level 5. HP: 34/49 MP: 5/5
  2046 | D:4      | Learned a level 2 spell: Blink
  2049 | D:4      | Learned a level 2 spell: Lesser Beckoning
  2348 | D:4      | Reached XP level 6. HP: 46/57 MP: 6/6
  2617 | D:4      | Found a staircase to the Ecumenical Temple.
  2622 | Temple   | Entered the Ecumenical Temple
  2752 | Temple   | Became a worshipper of Cheibriados the Contemplative
  2894 | D:4      | Found a radiant altar of Vehumet.
  2964 | D:4      | Found a burning altar of Makhleb.
  2964 | D:4      | Found a sparkling altar of Nemelex Xobeh.
  2964 | D:4      | Found an ancient bone altar of Kikubaaqudgha.
  2964 | D:4      | Found a white marble altar of Elyvilon.
  2965 | D:4      | Found an iron altar of Okawaru.
  2965 | D:4      | Found a shimmering blue altar of Sif Muna.
  2974 | D:4      | Found a shimmering altar of Xom.
  2974 | D:4      | Found a glowing silver altar of Zin.
  2974 | D:4      | Found a basalt altar of Yredelemnul.
  3087 | D:4      | Learned a level 3 spell: Teleport Other
  3093 | D:5      | Entered Level 5 of the Dungeon
  3274 | D:5      | Reached skill level 1 in Invocations
  3400 | D:5      | Reached XP level 7. HP: 65/65 MP: 7/7
  3541 | D:5      | Reached skill level 1 in Shields
  3686 | D:5      | Reached * piety under Cheibriados
  3723 | D:5      | Reached skill level 1 in Evocations
  3895 | D:5      | Reached skill level 1 in Armour
  3899 | D:5      | Noticed Edmund
  3911 | D:5      | Killed Edmund
  4263 | D:5      | Reached XP level 8. HP: 72/72 MP: 8/8
  4441 | D:6      | Identified the +1 dagger of Risk Management {flame, rF+
                  | Will+}
  4638 | D:6      | Found Ufeffuzutt's General Store.
  4643 | D:6      | Bought a potion of curing for 33 gold pieces
  4643 | D:6      | Bought a scroll of teleportation for 33 gold pieces
  4643 | D:6      | Bought a potion of berserk rage for 55 gold pieces
  4671 | D:6      | Found a shadowy altar of Dithmenos.
  4728 | D:6      | Reached skill level 3 in Fighting
  4736 | D:6      | Reached ** piety under Cheibriados
  4754 | D:6      | Reached skill level 4 in Fighting
  4935 | D:6      | Noticed a deep elf pyromancer
  4945 | D:6      | Killed a deep elf pyromancer
  4946 | D:6      | Reached XP level 9. HP: 87/87 MP: 11/11
  4950 | D:6      | You fall into a shaft and drop 2 floors!
  5161 | D:7      | Reached skill level 5 in Fighting
  5387 | D:7      | Reached skill level 6 in Fighting
  5541 | D:7      | Learned a level 2 spell: Momentum Strike
  5633 | D:7      | Found a sacrificial altar of Ru.
  5636 | D:7      | Found a hide-covered altar of Uskayaw.
  5896 | D:7      | Reached skill level 1 in Conjurations
  6085 | D:8      | Reached *** piety under Cheibriados
  6300 | D:8      | Noticed an elephant
  6320 | D:8      | Killed an elephant
  6321 | D:8      | Reached skill level 5 in Unarmed Combat
  6321 | D:8      | Reached XP level 10. HP: 72/98 MP: 12/12
  6338 | D:8      | Found a staircase to the Lair.
  6864 | D:8      | Found a blossoming altar of Fedhas.
  6868 | D:8      | Found a stormy altar of Qazlal.
  7054 | D:8      | Quit the game

Illustrated notes

Levels and vault maps discovered:
D:1:      co_arrival_two_rings, layout_rooms,
          dreamdust_ecumenical_altar_angels_and_demons
D:2:      layout_basic
D:3:      layout_rooms, portal_sewer_entry_b, chequers_serial_rivers_marsh,
          roderic_serpentine_path, kennysheep_generic_room_2
D:4:      layout_loops_ring, nicolae_overflows_in_rows,
          lemuel_coloured_pillars_altar, minmay_temple_entry_nine_rooms
D:5:      layout_cave_pods, uniq_edmund
D:6:      layout_cave_pools, nicolae_dithmenos_shadow_blocks, serial_shops,
          nicolae_shop_rolling_square, grunt_ministairs_14, minivault_22,
          guppyfry_early_elven_hall
D:7:      layout_loops_ring, minitemple
D:8:      layout_basic, grunt_temple_overflow_forces_of_nature,
          david_lair_generic, serial_corexii_hall, chequers_hall_statues_wall_a,
          chequers_hall_statues_corner_a, hangedman_decor_opposing
Temple:   hellmonk_temple_beads

Skill      XL: |  1  2  3  4  5  6  7  8  9 |
---------------+----------------------------+-----
Throwing       | 1 2 3 4 |  4.0
Fighting       | 2 4 6 |  6.0
Dodging        | 2 3 4 |  4.0
Stealth        | 1 2 |  2.0
Unarmed Combat | 3 4 5 |  5.7
Invocations    | 2 4 |  4.1
Shields        | 3 4 |  4.0
Evocations     | 2 |  2.0
Armour         | 2 4 |  4.0
Spellcasting   | 2 |  2.0
Conjurations   | 2 |  2.0
Translocations | |  2.1

Action                     |  1- 3 |  4- 6 |  7- 9 | 10-12 || total
---------------------------+-------+-------+-------+-------++-------
  Melee: Unarmed           |    84 |   147 |   297 |    29 ||   557
         Punch             |     3 |     2 |       |       ||     5
  Throw: Dart              |       |    30 |   100 |    10 ||   140
         Throwing net      |       |       |     2 |       ||     2
         Boomerang         |       |       |     2 |       ||     2
    Use: Scroll            |       |    10 |     5 |       ||    15
   Stab: Sleeping          |       |     2 |     1 |     1 ||     4
 Armour: Robe              |    17 |    15 |       |       ||    32
         Troll leather arm |       |    25 |    80 |     1 ||   106
  Dodge: Dodged            |    46 |    91 |   168 |    11 ||   316
  Block: Kite shield       |       |     6 |   138 |     8 ||   152
